 Dungeon Crawl Stone Soup version 0.27-a0-29-g2d0a2396b0 (webtiles) character file.

Game seed: 6324335455153891986

1978 hehateme the Slicer (level 9, -2/56 HPs)
             Began as a Kobold Fighter on Jan 4, 2021.
             Was a Follower of Fedhas.
             Slain by an orc warrior
             ... wielding a +0 short sword
              (15 damage)
             ... on level 7 of the Dungeon.
             The game lasted 00:17:17 (12124 turns).

hehateme the Slicer (Kobold Fighter)               Turns: 12124, Time: 00:17:17

Health: -2/56      AC: 12    Str: 16    XL:     9   Next: 43%
Magic:  9/9        EV:  4    Int: 10    God:    Fedhas [*.....]
Gold:   256        SH: 10    Dex: 14    Spells: 8/8 levels left

rFire    . . .     SeeInvis .   j - +0 short sword (speed)
rCold    . . .     Faith    .   c - +0 kite shield
rNeg     . . .     Spirit   .   D - +0 plate armour
rPois    .         Reflect  .   s - +0 helmet
rElec    .         Harm     .   (no cloak)
rCorr    .         Rampage  .   A - +0 pair of gloves
Will     .....                  k - +0 pair of boots
Stlth    ..........             (no amulet)
HPRegen  0.18/turn              (no ring)
MPRegen  0.11/turn              (no ring)

@: no status effects
A: small, thin metallic scales 1, deformed body, nightstalker 3, no potion heal
1
a: Renounce Religion


You were on level 7 of the Dungeon.
You worshipped Fedhas.
Fedhas was aware of your devotion.
You visited 2 branches of the dungeon, and saw 9 of its levels.

You collected 256 gold pieces.

Inventory:

Hand Weapons
 a - a +0 rapier
 j - a +0 short sword of speed (weapon)
Missiles
 l - 227 stones (quivered)
 m - 115 sling bullets
 n - 86 arrows
 Q - 102 bolts
Armour
 b - a +0 scale mail
 c - a +0 kite shield (worn)
 k - a +0 pair of boots (worn)
 s - a +0 helmet (worn)
 x - a +0 chain mail
 A - a +0 pair of gloves (worn)
 D - a +0 plate armour (worn)
Jewellery
 t - a cursed amulet of faith {unknown}
 G - an uncursed ring of protection from cold {unknown}
Wands
 f - a wand of flame (4)
 v - a wand of polymorph (6)
Scrolls
 d - a scroll of fear {unknown}
 g - 4 scrolls of teleportation {unknown}
 h - a scroll of summoning {unknown}
 i - 9 scrolls of identify {unknown}
 o - a scroll of noise {unknown}
 q - 5 scrolls of blinking {unknown}
 r - 2 scrolls of enchant weapon {unknown}
 u - 2 scrolls of magic mapping {unknown}
 y - a scroll of immolation {unknown}
 C - 2 scrolls of enchant armour {unknown}
 F - 2 scrolls of fog {unknown}
 I - 4 scrolls of remove curse {unknown}
Potions
 e - 2 potions of haste {unknown}
 p - 2 potions of ambrosia {unknown}
 w - a potion of cancellation {unknown}
 z - 3 potions of curing
 B - 2 potions of brilliance {unknown}
 E - a potion of resistance {unknown}
 H - a potion of mutation {!q}


   Skills:
 + Level 6.6 Fighting
 * Level 10.0 Short Blades
 + Level 4.9 Armour
 + Level 5.0 Shields


You had 8 spell levels left.
You didn't know any spells.
Your spell library contained the following spells:

 Spells                   Type           Power        Failure   Level
 Animate Skeleton         Necr           0%           100%        1
 Apportation              Tloc           0%           100%        1
 Corona                   Hex            0%           100%        1
 Pain                     Necr           0%           100%        1
 Summon Small Mammal      Summ           0%           100%        1
 Mephitic Cloud           Conj/Pois/Air  0%           100%        3
 Vampiric Draining        Necr           0%           100%        3
 Animate Dead             Necr           0%           100%        4
 Hailstorm                Conj/Ice       0%           100%        4
 Agony                    Necr           0%           100%        5
 Summon Demon             Summ           0%           100%        5
 Summon Mana Viper        Hex/Summ       0%           100%        5


Dungeon Overview and Level Annotations

Branches:
Dungeon (8/15)             Temple (1/1) D:4
   Lair: D:8-11

Altars:
Ashenzari
Cheibriados
Dithmenos
Elyvilon
Fedhas
Gozag
Hepliaklqana
Kikubaaqudgha
Nemelex Xobeh
Okawaru
Qazlal
Ru
Sif Muna
Trog
Vehumet
Wu Jian
Xom
Yredelemnul
Zin
The Shining One

Annotations:
D:4 exclusion: downstairs
D:5 Pikel
D:6 1 runed translucent door, Crazy Yiuf


Innate Abilities, Weirdness & Mutations

You are small and have problems with some larger weapons.
You are completely attuned to the shadows.
You are partially covered in thin metallic scales. (AC +2)
Armour fits poorly on your strangely shaped body.
Potions are less effective at restoring your health.


Message History

You completely miss the orc warrior. You hit the orc warrior.
The orc warrior hits you with a +0 short sword.
* * * LOW HITPOINT WARNING * * *
You take 5 damage, and have 21/56 hp.
You hit the orc warrior but do no damage.
You hit the orc warrior but do no damage.
You block the orc warrior's attack.
You closely miss the orc warrior. You hit the orc warrior.
The orc warrior hits you but does no damage.
You hit the orc warrior. You barely miss the orc warrior.
You hit the orc warrior but do no damage.
The orc warrior hits you with a +0 short sword!
* * * LOW HITPOINT WARNING * * *
You take 12 damage, and have 9/56 hp.
GAME OVER YEAH!!
The orc warrior hits you with a +0 short sword!
You die...

############# ######
#...........# .....#
#.#########.# ####.# #.##.# ###'#
#)# #....# #.... #.#
##############.####.... #.#
#.....@o..........+.... #<#
##.############.####.... ######
#.....# #......##...... .....#
#..##'####.##...........
####.#####.>)..........##.######.
#.#...#......###.##..##.....##
#.#...#......# #.###..##.###.#
#.#...#......# #.####..##.###.
#............# #....o...##....

Skill      XL: |  1  2  3  4  5  6  7  8  9 |
---------------+----------------------------+-----
Short Blades   | 3 4 5 6 7 9 10 | 10.0
Fighting       | 4 5 6 |  6.6
Armour         | 3 4 |  4.9
Shields        | 3 4 5 |  5.0

Notes
Turn   | Place    | Note
-------+----------+-------------------------------------------
     0 | D:1      | hehateme the Kobold Fighter began the quest for the Orb.
     0 | D:1      | Reached XP level 1. HP: 14/14 MP: 1/1
   211 | D:1      | Reached skill level 3 in Short Blades
   211 | D:1      | Reached XP level 2. HP: 14/19 MP: 2/2
   374 | D:1      | Reached XP level 3. HP: 23/23 MP: 3/3
  1470 | D:1      | Reached XP level 4. HP: 22/29 MP: 4/4
  1552 | D:2      | Reached skill level 4 in Short Blades
  1735 | D:2      | Noticed Terence
  1758 | D:2      | HP: 7/29 [Terence/cursed +0 flail (4)]
  1761 | D:2      | HP: 1/29 [Terence/cursed +0 flail (6)]
  1763 | D:2      | Gained mutation: Potions are less effective at restoring
                  | your health. [potion of mutation]
  1763 | D:2      | Gained mutation: Armour fits poorly on your strangely
                  | shaped body. [potion of mutation]
  1763 | D:2      | Gained mutation: You are partially covered in thin metallic
                  | scales. (AC +2) [potion of mutation]
  1766 | D:2      | Killed Terence
  2085 | D:2      | Reached XP level 5. HP: 33/33 MP: 5/5
  2180 | D:2      | Reached skill level 4 in Fighting
  2360 | D:2      | Reached skill level 3 in Armour
  2360 | D:2      | Reached skill level 3 in Shields
  2923 | D:2      | Reached skill level 5 in Short Blades
  3186 | D:3      | Reached XP level 6. HP: 38/38 MP: 6/6
  3312 | D:3      | Noticed Sigmund
  3321 | D:3      | Killed Sigmund
  3322 | D:3      | Reached skill level 6 in Short Blades
  3356 | D:3      | Reached XP level 7. HP: 44/44 MP: 7/7
  4003 | D:4      | Found a sparkling altar of Nemelex Xobeh.
  4111 | D:4      | Found an iron altar of Okawaru.
  4905 | D:4      | Reached skill level 5 in Fighting
  4922 | D:4      | HP: 11/44 [iguana (4)]
  5164 | D:4      | Reached skill level 7 in Short Blades
  5593 | D:4      | Reached XP level 8. HP: 48/49 MP: 8/8
  5727 | D:4      | Found a staircase to the Ecumenical Temple.
  5733 | Temple   | Entered the Ecumenical Temple
  5857 | Temple   | Became a worshipper of Fedhas Madash
  5893 | D:5      | Entered Level 5 of the Dungeon
  6374 | D:5      | Reached skill level 4 in Shields
  6471 | D:5      | Identified Dechieho's Volume of Creative Blows and Bruises
  6944 | D:5      | Reached skill level 4 in Armour
  7119 | D:5      | Noticed Pikel
  8135 | D:6      | Reached skill level 8 in Short Blades
  8161 | D:6      | Found a runed translucent door.
  8164 | D:6      | Noticed Crazy Yiuf
  8957 | D:5      | Reached * piety under Fedhas
  9699 | D:6      | Reached skill level 6 in Fighting
  9699 | D:6      | Reached skill level 9 in Short Blades
  9699 | D:6      | Reached XP level 9. HP: 31/55 MP: 9/9
 11237 | D:8      | HP: 14/56 [orc priest/divine providence (15)]
 11604 | D:8      | Reached skill level 5 in Shields
 11684 | D:8      | Reached skill level 10 in Short Blades
 11831 | D:8      | Noticed a gargoyle
 12104 | D:7      | HP: 9/56 [orc warrior/+0 short sword (12)]
 12124 | D:7      | Slain by an orc warrior

Table legend: (Time is in decaauts)
 A = Elapsed time spent in this place.
 B = Non-inter-level travel time spent in this place.
 C = Inter-level travel time spent in this place.
 D = Time resting spent in this place.
 E = Time spent auto-exploring this place.
 F = Levels seen in this place.
 G = Mean time per level.
                   A        B        C        D        E       F      G
               +--------+--------+--------+--------+--------+-----+--------+
         Total |  11792 |  11381 |    411 |   3137 |   6052 |   9 | 1310.2 |
       Dungeon |  11609 |  11212 |    397 |   3137 |   5902 |   8 | 1451.1 |
        Temple |    183 |    169 |     14 |      0 |    150 |   1 |  183.0 |
               +--------+--------+--------+--------+--------+-----+--------+

Top non-repeatable levels by time:
     D:5: 2113 daAuts
     D:7: 1969 daAuts
     D:4: 1654 daAuts
     D:2: 1612 daAuts
     D:1: 1519 daAuts
     D:6: 1325 daAuts
     D:3: 1069 daAuts
     D:8: 346 daAuts
  Temple: 183 daAuts

Table legend:
 A = Kills in this place as a percentage of kills in entire the game.
 B = Kills by you in this place as a percentage of kills by you in the entire game.
 C = Kills by friends in this place as a percentage of kills by friends in the entire game.
 D = Other kills in this place as a percentage of other kills in the entire game.
 E = Experience gained in this place as a percentage of experience gained in the entire game.
 F = Experience gained in this place divided by the number of levels of this place that you have seen.
                   A       B       C       D       E      F
               +-------+-------+-------+-------+-------+----------------------
         Total | 100.0 | 100.0 |   N/A |   N/A | 100.0 | 314.1
       Dungeon | 100.0 | 100.0 |   N/A |   N/A | 100.0 | 353.4
               +-------+-------+-------+-------+-------+----------------------

Action                   |  1- 3 |  4- 6 |  7- 9 || total
-------------------------+-------+-------+-------++-------
Melee: Rapier            |    80 |       |       ||    80
       Short sword       |    33 |   166 |   996 ||  1195
Throw: Stone             |    29 |    34 |    61 ||   124
Evoke: Wand              |       |     6 |    22 ||    28
  Use: Potion            |       |     5 |     1 ||     6
 Stab: Paralysed         |       |     4 |     6 ||    10
Armor: Scale mail        |    40 |    24 |    51 ||   115
       Chain mail        |       |       |    12 ||    12
       Plate armour      |       |       |   130 ||   130
Dodge: Dodged            |    29 |    21 |    76 ||   126
Block: Kite shield       |    55 |    41 |   252 ||   348

Vanquished Creatures
  Sigmund (D:3)
  A black bear (D:7)
  An ice beast (D:6)
  3 orc warriors
  A phantom (D:4)
  A centaur (D:4)
  3 lemures
  5 scorpions
  4 wights
  7 orc priests
  3 orc wizards
  A centaur skeleton (D:7)
  Terence (D:2)
  2 iguanas
  3 worker ants
  2 hound skeletons (D:4)
  2 worker ant zombies (D:5)
  2 gnolls
  7 adders
  3 river rats (D:5)
  2 white imps (D:7)
  2 ufetubi
  An adder zombie (D:5)
  5 worms
  2 dart slugs (D:1)
  5 leopard geckos
  20 orcs
  4 ball pythons
  7 bats
  8 giant cockroaches
  9 goblins
  11 hobgoblins
  6 jackals
  12 kobolds
  3 quokkas
  4 frilled lizards
  2 leopard gecko skeletons (D:6)
  A quokka zombie (D:6)
  5 rats
162 creatures vanquished.

Vanquished Creatures (others)
  3 gnolls (D:6)
  An orc (D:6)
4 creatures vanquished.

Grand Total: 166 creatures vanquished You could see an orc warrior.

Levels and vault maps discovered:
D:1:      onia_arrival_pentagram, layout_basic, minmay_tromino_v4_a
D:2:      layout_loops_ring, corexii_leaking_fountain, minmay_cupped,
          uniq_terence
D:3:      layout_rooms, uniq_sigmund
D:4:      layout_rooms, okawaru_metal_pillars_3, marbit_many_paths,
          minmay_temple_entry_antechambers
D:5:      layout_loops_corners, lightli_sewer_entry_pipes, minmay_crossroads,
          uniq_pikel
D:6:      layout_basic, demons_altar, lemuel_old_faithful,
          uniq_crazy_yiuf_cottage
D:7:      layout_basic, minmay_parallelograms
D:8:      layout_basic, gammafunk_ghost_icy, minmay_microvault
Temple:   hc_temple_tempest_star
